AoeStats
← tbzachary

MegaRandom

506938145Analyzed
1v1 RM · 18d ago on Sep 15, 2026· 57m 25s· 2 players
Game mode
Random Map
Map size
Tiny (2 player)
Population
200
Speed
Normal
Resources
Standard
Victory
Conquest
Starting age
Dark Age
Ending age
Imperial Age
RankedLock teamsTeams togetherTeam positionsShared explorationLock speedFull tech treeHidden civsTurbo modeCheats
Victory
Defeat
🇺🇸 Mongols · United States
748
+13
🇺🇸 Britons · United States
675
-13
SexyGlitterDaddy69
6:07 Loom
11:15 Feudal Age
16:21 Double-Bit Axe
16:21 Horse Collar
17:43 Wheelbarrow
19:16 Fletching
23:43 Castle Age
22:04 Arson
23:54 Padded Archer Armor
24:52 Crossbowman
25:00 Elite Skirmisher
27:46 Leather Archer Armor
27:31 Bodkin Arrow
27:33 Pikeman
30:02 Leather Archer Armor
29:58 Forging
31:04 Heavy Plow
30:55 Man-at-Arms
35:10 Yeomen
34:35 Long Swordsman
35:01 Gambesons
35:17 Squires
39:16 Hand Cart
40:02 Ballistics
40:03 Bow Saw
42:13 Town Watch
45:15 Imperial Age
42:47 Scale Mail Armor
43:23 Iron Casting
46:48 Onager
47:25 Two-Handed Swordsman
48:36 Champion
51:51 Chemistry
50:21 Arbalester
53:24 Warwolf
54:20 Town Watch
54:02 Halberdier
55:06 Heavy Scorpion
57:26 Bracer
tbzachary
4:59 Loom
10:12 Feudal Age
15:22 Double-Bit Axe
15:54 Horse Collar
18:27 Castle Age
18:23 Gold Mining
20:27 Padded Archer Armor
20:18 Fletching
22:36 Leather Archer Armor
25:57 Wheelbarrow
26:06 Forging
27:47 Bow Saw
30:04 Bodkin Arrow
30:58 Scale Barding Armor
31:33 Elite Skirmisher
32:20 Thumb Ring
33:34 Ballistics
34:05 Iron Casting
39:16 Imperial Age
37:55 Murder Holes
38:56 Chain Barding Armor
38:57 Hand Cart
39:03 Hand Cart
41:04 Chemistry
40:10 Siege Engineers
40:38 Drill
40:27 Bracer
42:12 Blast Furnace
41:18 Husbandry
41:28 Bloodlines
40:44 Elite Steppe Lancer
41:10 Onager
44:37 Siege Onager
44:50 Light Cavalry
45:37 Hussar
Connection lost

Rejoining the realm…

Still unreachable

The connection could not be restored.

Session expired

The server has moved on; the page needs a fresh start.